 Dungeon Crawl Stone Soup version 0.29.1-1-gd02db6906a (webtiles) character file.

Game seed: 13565044792427235357

10341 RogueRain17 the Geomancer (level 11, -1/111 HPs)
             Began as a Demigod Earth Elementalist on Sept 27, 2022.
             Slain by a gargoyle
             ... wielding a +0 mace
              (9 damage)
             ... on level 11 of the Dungeon.
             The game lasted 00:28:15 (11905 turns).

RogueRain17 the Geomancer (DgEE)                   Turns: 11905, Time: 00:28:15

Health: -1/111     AC: 25    Str: 13    XL:     11   Next: 13%
Magic:  3/22       EV:  2    Int: 29    God:
Gold:   524        SH:  0    Dex: 14    Spells: 16/20 levels left

rFire   . . .      SeeInvis +   h - +5 broad axe of the Peculiar Emperors {pain, *Noise Will+++ Str-2 Stlth+}
rCold   . . .      Faith    .   (no shield)
rNeg    . . .      Spirit   .   (body armour currently unavailable)
rPois   +          Reflect  .   (helmet currently unavailable)
rElec   +          Harm     .   (cloak currently unavailable)
rCorr   .          Rampage  .   (gloves currently unavailable)
Will    ++++.      Clarity  +   (boots currently unavailable)
Stlth   +++....... NoTele   +   s - amulet of regeneration
HPRegen 1.08/turn               d - ring of protection from fire
MPRegen 0.18/turn               l - ring "Opnyeh" {rElec rPois rF- Str+6 SInv}

@: mighty, tree-form
A: stationary, stasis, torment immunity, boosted hp, high MP 1, forlorn, divine
attributes, (antennae 1), (hooves 1), clarity, sense surroundings 1
a: no special abilities


You were on level 11 of the Dungeon.
You were a tree.
You visited 1 branch of the dungeon, and saw 11 of its levels.

You collected 524 gold pieces.

Inventory:

Hand Weapons
 h - the +5 broad axe of the Peculiar Emperors (weapon) {pain, *Noise Will+++ Str-2 Stlth+}
   (You found it on level 8 of the Dungeon)

   In the hands of one skilled in necromantic magic, it inflicts extra damage on
   living creatures.
   Str:       It affects your strength (-2).
   *Noise:    It may make noises in combat.
   Will:      It greatly increases your willpower.
   Stlth:     It makes you more stealthy.
 y - a +0 long sword of flaming
Armour
 a - the +4 scale mail "Leng" (melded) {Str+4}
   (You found it on level 3 of the Dungeon)

   Str:       It affects your strength (+4).
 o - a +0 ring mail
 r - a +0 helmet
Magical Staves
 C - a staff of air
Jewellery
 d - a ring of protection from fire (left branch)
 g - a ring of protection from cold
 l - the ring "Opnyeh" (right branch) {rElec rPois rF- Str+6 SInv}
   (You found it on level 2 of the Dungeon)

   [ring of strength]

   Str:       It affects your strength (+6).
   rF:        It makes you vulnerable to fire.
   rElec:     It insulates you from electricity.
   rPois:     It protects you from poison.
   SInv:      It lets you see invisible.
 s - an amulet of regeneration (around neck)
 F - an amulet of reflection
Wands
 A - a wand of flame (30)
Scrolls
 e - 5 scrolls of amnesia
 f - 5 scrolls of fog
 i - 3 scrolls of blinking
 k - a scroll of enchant armour
 m - 4 scrolls of enchant weapon
 n - 3 scrolls of torment
 p - a scroll of immolation
 q - 2 scrolls of noise
 u - 2 scrolls of brand weapon
 w - a scroll of poison
 z - 3 scrolls of magic mapping
 G - a scroll of teleportation
Potions
 b - a potion of haste
 c - 2 potions of cancellation
 j - 3 potions of might
 v - a potion of curing {unknown}
 x - a potion of heal wounds {unknown}
 D - 2 potions of degeneration {unknown}
 E - a potion of brilliance {unknown}


   Skills:
 - Level 4.0 Staves
 - Level 1.7 Dodging
 - Level 1.7 Stealth
 + Level 5.0 Spellcasting
 - Level 10.0 Conjurations
 - Level 0.8 Transmutations
 + Level 11.7 Earth Magic


You had 16 spell levels left.
You knew the following spells:

 Your Spells              Type           Power      Damage    Failure   Level
a - Sandblast             Erth           100%       2d20      1%          1
b - Stone Arrow           Conj/Erth      100%       3d13      1%          3

Your spell library contained the following spells:

 Spells                   Type           Power      Damage    Failure   Level
 Passwall                 Tmut/Erth      35%        N/A       1%          2
 Beastly Appendage        Tmut           24%        N/A       4%          1
 Petrify                  Tmut/Erth      43%        N/A       4%          4
 Apportation              Tloc           14%        N/A       6%          1
 Necrotise                Necr           28%        1d5       6%          1
 Slow                     Hex            28%        N/A       6%          1
 Summon Small Mammal      Summ           28%        N/A       6%          1
 Wereblood                Tmut           12%        N/A       7%          2
 Ensorcelled Hibernation  Hex/Ice        14%        N/A       10%         2
 Sublimation of Blood     Necr           7%         N/A       10%         2
 Spider Form              Tmut/Pois      9%         N/A       16%         3
 Borgnjor's Vile Clutch   Necr/Erth      20%        N/A       16%         5
 Confusing Touch          Hex            7%         N/A       19%         3
 Frozen Ramparts          Ice            14%        1d3       19%         3
 Vampiric Draining        Necr           7%         2d6       19%         3
 Ice Form                 Ice/Tmut       9%         N/A       45%         4
 Anguish                  Hex/Necr       3%         N/A       52%         4
 Summon Ice Beast         Ice/Summ       7%         N/A       52%         4
 Alistair's Intoxication  Tmut/Pois      6%         N/A       82%         5
 Eringya's Noxious Bog    Tmut/Pois      4%         N/A       100%        6
 Summon Hydra             Summ           3%         N/A       100%        7


Dungeon Overview and Level Annotations

Branches:
Dungeon (11/15)            Temple (0/1) D:6            Lair (0/5) D:9
    Orc (0/2) D:11

Shops:
D:8 [

Annotations:
D:4 1 runed translucent door, shadownightmare's ghost, amateur DsAK
D:8 sapphirevixen's ghost, novice DsBe
D:11 Josephine


Innate Abilities, Weirdness & Mutations

You are a tree.
Your roots penetrate the ground, keeping you stationary.
You cannot be teleported.
You are immune to unholy pain and torment.
Your maximum health is greatly increased.
Your equipment is partially melded.
You have an increased reservoir of magic. (+10% MP)
You shall have no god before yourself.
Your divine heritage dramatically boosts your attributes as you level up.
((You have a pair of small antennae on your head.))
((You have large cloven feet.))
You possess an exceptional clarity of mind.
You passively map a small area around you.


Message History

A gargoyle comes into view. It is wielding a +0 mace.
You are too injured to fight recklessly!
Casting: Stone Arrow (safe; 1% risk of failure)
Confirm with . or Enter, or press ? or * to list all spells.
Aiming: Stone Arrow (safe; 1% risk of failure)
Press: ? - help, Shift-Dir - straight line, f/p - boulder beetle
Aim: a boulder beetle (severely wounded, 100% to hit)
The stone arrow hits the boulder beetle.
The boulder beetle is severely wounded.
The boulder beetle curls into a ball and begins rolling!
The boulder beetle barely misses you.
The boulder beetle stops rolling and uncurls.
The boulder beetle bites you.
You hit the boulder beetle but do no damage.
The boulder beetle is severely wounded.
The boulder beetle bites you.
You slash the boulder beetle!
The boulder beetle is almost dead.
The boulder beetle bites you!
* * * LOW HITPOINT WARNING * * *
The boulder beetle leaps!
Okay, then.
You hit the gargoyle.
The gargoyle is lightly damaged.
The gargoyle hurls a stone arrow at you.
The stone arrow hits you but does no damage.
The boulder beetle leaps!
The boulder beetle curls into a ball and begins rolling!
The gargoyle hurls a stone arrow at you.
The stone arrow hits you!
* * * LOW HITPOINT WARNING * * *
You hit the gargoyle but do no damage.
The gargoyle is lightly damaged.
The gargoyle hurls a stone arrow at you.
The stone arrow hits you!!
* * * LOW HITPOINT WARNING * * *
You slash the boulder beetle!
You kill the boulder beetle!
You slash the gargoyle! The gargoyle hits you with a +0 mace!
You die...

##### ....# ..<.# * *
.<..# ################
....#####...............
*
..........######)######
***## ....####### #..)#
*###.### ....# #.9♣#
....... ....≈ ###..)#
......., ...≈≈#
#...°.#######.......
###.≈#
#..#°...○B°°o..).....
#.##
#.##...######..°....>
*.## ........# ##.......
####.#...# *.)..... ~ *
##.##### .......
###.##### *.......


You could see a gargoyle.

Vanquished Creatures
  A boulder beetle (D:11)
  A hydra (D:8)
  3 two-headed ogres
  Urug (D:10)
  An ice statue (D:10)
  A gargoyle (D:11)
  Maggie (D:6)
  An unseen horror (D:10)
  2 trolls
  Grinder (D:3)
  Sigmund (D:2)
  2 shadows
  3 wraiths (D:11)
  A vampire (D:9)
  2 wyverns
  Menkaure (D:4)
  A warg (D:11)
  2 water moccasins
  An ice beast (D:6)
  A black bear (D:6)
  An orc warrior (D:11)
  A sky beast (D:7)
  2 ogres
  4 wolves (D:9)
  A phantom (D:5)
  5 kobold brigands
  4 bullfrogs
  A necrophage (D:4)
  3 scorpions
  2 gnoll sergeants (D:9)
  4 wights (D:9)
  14 killer bees
  3 howler monkeys (D:10)
  2 electric eels (D:9)
  4 hounds
  2 gnoll boudas
  3 orc priests
  6 iguanas
  8 orc wizards
  7 adders
  20 gnolls
  A shadow imp (D:7)
  A white imp (D:6)
  An ufetubus (D:6)
  A worm (D:3)
  A dart slug (D:3)
  35 orcs
  7 ball pythons
  5 endoplasms
  2 giant cockroaches
  7 goblins
  5 hobgoblins
  4 jackals (D:1)
  6 quokkas
  3 bats
  A frilled lizard (D:3)
  23 kobolds
  7 rats
235 creatures vanquished.

Vanquished Creatures (others)
  6 fungi (D:8)
  9 plants
15 creatures vanquished.

Grand Total: 250 creatures vanquished

Notes
Turn   | Place    | Note
-------+----------+-------------------------------------------
     0 | D:1      | RogueRain17 the Demigod Earth Elementalist began the quest
                  | for the Orb.
     0 | D:1      | Reached XP level 1. HP: 14/14 MP: 5/5
   195 | D:1      | Reached skill level 3 in Earth Magic
   225 | D:1      | Reached XP level 2. HP: 10/20 MP: 0/7
  1245 | D:2      | Reached skill level 4 in Earth Magic
  1245 | D:2      | Reached XP level 3. HP: 26/26 MP: 3/8
  1709 | D:2      | Noticed Sigmund
  1715 | D:2      | Learned a level 3 spell: Stone Arrow
  1723 | D:2      | Killed Sigmund
  1724 | D:2      | Reached skill level 5 in Earth Magic
  1724 | D:2      | Reached XP level 4. HP: 2/33 MP: 6/9
  1724 | D:2      | Reached XP level 5. HP: 3/38 MP: 6/10
  2018 | D:2      | Identified the ring "Opnyeh" {rElec rPois rF- Str+6 SInv}
  2541 | D:3      | Identified the +4 scale mail "Leng" {Str+4}
  3077 | D:3      | Noticed Grinder
  3091 | D:3      | Gained mutation: You have a pair of small antennae on your
                  | head. [potion of mutation]
  3091 | D:3      | Gained mutation: You have hidden genetic potential. [potion
                  | of mutation]
  3091 | D:3      | Gained mutation: Your body sometimes deteriorates upon
                  | taking damage. [potion of mutation]
  3091 | D:3      | Gained mutation: You are strong-willed. (Will+) [potion of
                  | mutation]
  3100 | D:3      | Killed Grinder
  3101 | D:3      | Reached XP level 6. HP: 36/45 MP: 6/11
  3107 | D:3      | Gained mutation: You are partially covered in iridescent
                  | scales. (AC +2) [hidden potential]
  3108 | D:3      | Lost mutation: Your body sometimes deteriorates upon taking
                  | damage. [potion of mutation]
  3108 | D:3      | Lost mutation: You are strong-willed. (Will+) [potion of
                  | mutation]
  3108 | D:3      | Lost mutation: You are partially covered in iridescent
                  | scales. (AC +2) [potion of mutation]
  3108 | D:3      | Gained mutation: You passively map a small area around you.
                  | [potion of mutation]
  3108 | D:3      | Gained mutation: You possess an exceptional clarity of
                  | mind. [potion of mutation]
  3424 | D:4      | Noticed Menkaure
  3428 | D:4      | Killed Menkaure
  3429 | D:4      | Reached skill level 6 in Earth Magic
  3429 | D:4      | Reached XP level 7. HP: 38/50 MP: 9/12
  3724 | D:4      | Gained mutation: You have large cloven feet. [hidden
                  | potential]
  3724 | D:4      | Lost mutation: You have hidden genetic potential. [hidden
                  | potential expressed]
  3934 | D:4      | Found a runed translucent door.
  3934 | D:4      | Noticed shadownightmare's ghost (amateur DsAK)
  4012 | D:4      | Reached skill level 5 in Conjurations
  4232 | D:5      | Entered Level 5 of the Dungeon
  4383 | D:5      | Reached skill level 7 in Earth Magic
  4639 | D:5      | Reached XP level 8. HP: 57/57 MP: 8/13
  4979 | D:6      | Found a staircase to the Ecumenical Temple.
  5054 | D:6      | Noticed Maggie
  5062 | D:6      | Killed Maggie
  5063 | D:6      | Reached skill level 8 in Earth Magic
  6098 | D:7      | Reached XP level 9. HP: 55/62 MP: 9/14
  6099 | D:7      | Reached skill level 9 in Earth Magic
  6959 | D:8      | Found Aqeeff's Armour Boutique.
  7099 | D:8      | Found a runed translucent gate.
  7099 | D:8      | Found a runed translucent gate.
  7099 | D:8      | Found a runed translucent gate.
  7099 | D:8      | Noticed a nine-headed hydra
  7248 | D:8      | Noticed a two-headed ogre
  7249 | D:8      | Noticed a two-headed ogre
  7258 | D:8      | Killed a two-headed ogre
  7620 | D:8      | Killed a two-headed ogre
  7621 | D:8      | Reached skill level 10 in Earth Magic
  7640 | D:8      | Noticed sapphirevixen's ghost (novice DsBe)
  7913 | D:8      | Killed a nine-headed hydra
  7914 | D:8      | Reached XP level 10. HP: 41/69 MP: 2/15
  8195 | D:8      | Identified the +5 broad axe of the Peculiar Emperors {pain,
                  | *Noise Will+++ Str-2 Stlth+}
  8807 | D:9      | Found a staircase to the Lair.
  8961 | D:9      | Reached skill level 1 in Staves
  9098 | D:9      | Reached skill level 10 in Conjurations
  9168 | D:9      | Reached skill level 11 in Earth Magic
  9796 | D:10     | Entered Level 10 of the Dungeon
 10250 | D:10     | Noticed a two-headed ogre
 10257 | D:10     | Killed a two-headed ogre
 10406 | D:10     | Noticed Urug
 10434 | D:10     | Killed Urug
 11172 | D:10     | Noticed an ice statue
 11311 | D:10     | Killed an ice statue
 11312 | D:10     | Reached XP level 11. HP: 74/74 MP: 3/21
 11669 | D:11     | Noticed Josephine
 11869 | D:11     | Noticed a boulder beetle
 11870 | D:11     | Found a staircase to the Orcish Mines.
 11886 | D:11     | Reached skill level 5 in Spellcasting
 11905 | D:11     | Killed a boulder beetle
 11905 | D:11     | Slain by a gargoyle

Illustrated notes

Levels and vault maps discovered:
D:1:      eino_arrival_cavern_e, layout_loops_ring
D:2:      layout_basic, ebering_ecumenical_altar_ruins, uniq_sigmund
D:3:      layout_loops_ring, uniq_grinder
D:4:      layout_basic, ashenzari_altar_1, ebering_ghost_inner_flame,
          uniq_menkaure
D:5:      layout_rooms, mainiacjoe_overflow_24_doors
D:6:      layout_cave_pools, minmay_temple_entry_mini_moons, uniq_maggie
D:7:      layout_basic, nicolae_kikubaaqudgha_miasma_corner
D:8:      layout_loops_ring, mainiacjoe_overflow_boulevard,
          gammafunk_ghost_hydra_chop, serial_shops, nicolae_stop_n_shop_1
D:9:      layout_basic, erik_lair_island
D:10:     lemuel_ice_statue, layout_cave_pools, uniq_urug
D:11:     layout_rooms, david_orc_3, chequers_serial_rivers_small_b,
          reono_crystal_passage, nicolae_hepliaklqana_ecumenical_no_more,
          uniq_fannar, uniq_josephine

Skill      XL: |  1  2  3  4  5  6  7  8  9 10 11 |
---------------+----------------------------------+-----
Earth Magic    | 3 4 5 6 7 8 10 11 | 11.7
Conjurations   | 2 3 4 5 7 9 10 | 10.0
Spellcasting   | 4 5 |  5.0
Staves         | 4 |  4.0
Dodging        | |  1.7
Stealth        | |  1.7
Transmutations | |  0.8

Action                   |  1- 3 |  4- 6 |  7- 9 | 10-12 || total
-------------------------+-------+-------+-------+-------++-------
Melee: Unarmed           |       |     3 |       |       ||     3
       Broad axe         |       |       |       |    29 ||    29
       Kick              |       |       |       |    11 ||    11
 Cast: Sandblast         |    52 |    49 |   154 |    32 ||   287
       Stone Arrow       |     2 |     1 |    13 |   135 ||   151
Evoke: Wand              |       |       |     1 |     1 ||     2
  Use: Potion            |     1 |     5 |     3 |     5 ||    14
       Scroll            |       |       |    13 |     2 ||    15
Armor: Robe              |     8 |     2 |       |       ||    10
       Ring mail         |       |     2 |       |       ||     2
       Scale mail        |       |       |    34 |    47 ||    81
       Skin              |       |       |    18 |     2 ||    20
Dodge: Dodged            |    32 |    15 |    50 |    67 ||   164
